 Dungeon Crawl Stone Soup version 0.28.0-1-gb440e238dd (webtiles) character file.

Game seed: 15788219336445204447

184 bande the Skirmisher (level 5, -3/34 HPs)
             Began as a Gargoyle Fighter on Feb 20, 2022.
             Slain by a killer bee (4 damage)
             ... on level 4 of the Dungeon.
             The game lasted 00:02:51 (1446 turns).

bande the Skirmisher (Gargoyle Fighter)             Turns: 1446, Time: 00:02:51

Health: -3/34      AC: 11    Str: 19    XL:     5   Next: 63%
Magic:  5/5        EV:  9    Int:  9    God:
Gold:   51         SH:  4    Dex: 11    Spells: 4/4 levels left

rFire   . . .      SeeInvis .   a - +1 war axe
rCold   . . .      Faith    .   c - +0 buckler
rNeg    + . .      Spirit   .   b - +0 scale mail
rPois   ∞          Reflect  .   (no helmet)
rElec   +          Harm     .   (no cloak)
rCorr   .          Rampage  .   (no gloves)
Will    .....                   (no boots)
Stlth   ..........              (no amulet)
HPRegen 0.11/turn               (no ring)
MPRegen 0.09/turn               (no ring)

@: no status effects
A: sickness immunity, AC +4, negative energy resistance 1, electricity
resistance, torment resistance 1, petrification resistance
a: no special abilities


You were on level 4 of the Dungeon.
You visited 1 branch of the dungeon, and saw 3 of its levels.

You collected 51 gold pieces.

Inventory:

Hand Weapons
 a - a +1 war axe (weapon)
Armour
 b - a +0 scale mail (worn)
 c - a +0 buckler (worn)
Scrolls
 e - a scroll of identify
 f - a scroll of enchant armour


   Skills:
 + Level 4.3 Fighting
 + Level 3.4 Axes
 + Level 4.2 Armour
 + Level 4.0 Shields


You had 4 spell levels left.
You didn't know any spells.
Your spell library was empty.

Dungeon Overview and Level Annotations

Branches:
Dungeon (2/15)

Altars:
Ashenzari


Innate Abilities, Weirdness & Mutations

You are immune to sickness and miasma.
Your stone body is resilient. (AC +4)
You are immune to poison.
You resist negative energy. (rN+)
You are resistant to electric shocks. (rElec)
You are resistant to unholy torment.
You are immune to petrification.


Message History

The killer bee buzzes angrily.
You hear an angry buzzing noise.
A hound comes into view.
The killer bee moves out of view.
The hound moves out of view.
A kobold, an adder and a killer bee come into view.
The kobold shouts!
The hound barks!
The adder hisses angrily.
You hear an angry buzzing noise. x2; You hear a shout!
A killer bee comes into view.
The kobold throws a stone.
The stone barely misses you.
A killer bee comes into view.
The killer bee buzzes angrily.
The killer bee stings you!
A killer bee comes into view.
The killer bee stings you.
The killer bee moves out of view.
The killer bee stings you but does no damage.
You block the hound's attack. The killer bee completely misses you.
The adder barely misses you. The killer bee barely misses you.
You block the killer bee's attack.
The killer bee stings you but does no damage.
A ball python comes into view.
The adder bites you. The killer bee stings you!
* * * LOW HITPOINT WARNING * * *
The ball python hisses angrily.
The killer bee buzzes angrily.
The kobold hits you but does no damage. You block the adder's attack.
The killer bee stings you!
* * * LOW HITPOINT WARNING * * *
The killer bee closely misses you. The kobold hits you with a +0 club.
* * * LOW HITPOINT WARNING * * *
The killer bee barely misses you. You block the adder's attack.
A goblin comes into view. It is wielding a +0 club.
The goblin shouts!
The killer bee closely misses you.
The kobold throws a stone.
The stone hits you but does no damage. You block the killer bee's attack.
Unknown command.
You block the killer bee's attack. x2; The killer bee completely misses you.
A giant cockroach comes into view.
The killer bee barely misses you.
An adder skeleton comes into view.
The killer bee closely misses you. You block the killer bee's attack.
The killer bee stings you.
You die...

........#
........#
........#
.B......#
.....Syy#
.....hKy#
......Sy#
......y.#
####...@#
#...g#
#.....
#......
#.......
.....Z...
##........#
#........#


You could see a hound, 5 killer bees, an adder, a giant cockroach, a goblin, a
ball python, a kobold and an adder skeleton.

Vanquished Creatures
  Eustachio (D:4)
  An adder (D:4)
  2 dart slugs
  2 endoplasms (D:1)
  3 giant cockroaches
  5 goblins
  5 kobolds (D:1)
  A quokka (D:1)
  2 ball pythons (D:1)
  3 bats (D:1)
  A frilled lizard (D:1)
  2 rats (D:1)
28 creatures vanquished.

Notes
Turn   | Place    | Note
-------+----------+-------------------------------------------
     0 | D:1      | bande the Gargoyle Fighter began the quest for the Orb.
     0 | D:1      | Reached XP level 1. HP: 14/14 MP: 1/1
    81 | D:1      | Reached XP level 2. HP: 11/19 MP: 2/2
   928 | D:1      | Reached XP level 3. HP: 24/24 MP: 3/3
  1048 | D:1      | Found a faded altar of an unknown god.
  1272 | D:2      | You fall into a shaft and drop 2 floors!
  1272 | D:4      | Noticed Eustachio
  1278 | D:4      | Found a broken altar of Ashenzari.
  1280 | D:4      | Killed Eustachio
  1281 | D:4      | Reached XP level 4. HP: 20/29 MP: 4/4
  1281 | D:4      | Reached XP level 5. HP: 23/33 MP: 5/5
  1442 | D:4      | HP: 1/34 [kobold (2)]
  1446 | D:4      | Slain by a killer bee

Illustrated notes

Levels and vault maps discovered:
D:1:      lightli_arrival_statuegarden, layout_basic, serial_rivers,
          chequers_serial_rivers_room_b, chequers_serial_rivers_micro_a,
          chequers_serial_rivers_small_b, chequers_serial_rivers_large_a,
          chequers_serial_rivers_micro_d, chequers_serial_rivers_micro_b,
          dreamdust_ecumenical_altar_statues, chequers_garden
D:2:      layout_rooms, uniq_crazy_yiuf_cottage
D:4:      layout_rooms, ashenzari_conservatory_becter, portal_sewer_entry_c,
          grunt_decor_resistance, uniq_eustachio

Skill      XL: |  1  2  3 |
---------------+----------+-----
Axes           | 2 3 |  3.4
Fighting       | 4 |  4.3
Armour         | 4 |  4.2
Shields        | 4 |  4.0

Action                   |  1- 3 |  4- 6 || total
-------------------------+-------+-------++-------
Melee: War axe           |    66 |     9 ||    75
  Use: Potion            |     1 |       ||     1
       Scroll            |       |     2 ||     2
Armor: Scale mail        |    50 |    11 ||    61
Dodge: Dodged            |    37 |    12 ||    49
Block: Buckler           |    20 |    12 ||    32
